 Dungeon Crawl Stone Soup version 0.20.0-15-g7f486f2 (webtiles) character file.

90 Jannitor the Ducker (level 4, -12/34 HPs)
             Began as a Vampire Gladiator on June 11, 2017.
             Mangled by an orc warrior
             ... wielding a +0 dire flail
              (14 damage)
             ... on level 3 of the Dungeon.
             The game lasted 00:02:52 (1519 turns).

Jannitor the Ducker (Vampire Gladiator)             Turns: 1519, Time: 00:02:52

Health: -12/34     AC:  7    Str: 13    XL:     4   Next: 32%
Magic:  4/4        EV: 14    Int: 10    God:
Gold:   53         SH:  0    Dex: 20    Spells: 3/3 levels left

rFire    . . .     SeeInvis +   a - +0 long sword
rCold    . . .     Gourm    .   (no shield)
rNeg     . . .     Faith    .   b - +0 leather armour
rPois    .         Spirit   .   c - +0 helmet
rElec    .         Reflect  .   (no cloak)
rCorr    .         Harm     .   o - +2 pair of gloves
MR       .....                  (no boots)
Stlth    +.........             (no amulet)
Regen    0.4/turn               g - +4 ring of dexterity
MPRegen  0.1/turn               m - ring of wizardry

@: regenerating quickly, hasted, very quick
A: fangs 3, hooves 1, see invisible, deterioration 1, high mp 1, unbreathing
a: no special abilities


You were on level 3 of the Dungeon.
You were full.

You visited 1 branch of the dungeon, and saw 3 of its levels.

You collected 53 gold pieces.

Inventory:

Hand Weapons
 a - a +0 long sword (weapon)
Missiles
 d - 3 throwing nets (quivered)
Armour
 b - a +0 leather armour (worn)
 c - a +0 helmet (worn)
 o - a +2 pair of gloves (worn)
Jewellery
 g - a +4 ring of dexterity (left hand)
 m - a ring of wizardry (right hand)
Scrolls
 h - a scroll of identify {unknown}
 i - a scroll of teleportation {unknown}
 l - a scroll of amnesia {unknown}
 p - a scroll of fear {unknown}
 q - a scroll of remove curse {unknown}
Potions
 e - 8 potions of blood
 f - 2 potions of curing
 j - a potion of agility {unknown}
 k - 3 potions of haste
 n - a potion of mutation


   Skills:
 + Level 2.8 Fighting
 + Level 4.0 Long Blades
 - Level 1.5 Throwing
 + Level 4.1 Dodging


You had 3 spell levels left.
You didn't know any spells.

Dungeon Overview and Level Annotations

Branches:
Dungeon (3/15)

Altars:
Sif Muna


Innate Abilities, Weirdness & Mutations

Your natural rate of healing is unusually fast.
You have razor-sharp teeth.
You have supernaturally acute eyesight. (SInv)
You can survive without breathing.
You have large cloven feet.
Your body sometimes deteriorates upon taking damage.
You have an increased reservoir of magic. (+10% MP)


Message History

The orc priest begins to cast a cantrip, but forgets the words!
There is a stone staircase leading down here.
Okay, then.
Okay, then.
Yummy - fresh blood!
The orc warrior closely misses you.
Yummy - fresh blood!
It was a potion of curing.
You feel better.
The orc priest miscasts a cantrip.
The orc warrior hits you with a dire flail!!
Ouch! That really hurt!
* * * LOW HITPOINT WARNING * * *
It was a potion of haste.
You feel yourself speed up. The orc closely misses you.
The orc warrior hits you with a dire flail.
* * * LOW HITPOINT WARNING * * *
It was a potion of mutation.
You feel extremely strange.
You feel more energetic.
You feel yourself wasting away.
Your feet thicken and deform.
The orc warrior hits you with a dire flail!
You die...

........##.## .....
#######.รท.#.## ...#
##.###.######...#
#<## ##....>.#
##.###.#####.#
##.#.## ###.#
##.#####...####
#######.........#
#..@o.#.##....#.####
#...o.#.##....#.....
#.....oo....#....o..
#.....#.##..#.#..o.o
#.....#....>..#.####
##########...o..# #
#.......## #
#.##.##.# # #.
#....# #


You could see an orc warrior, an orc priest and 2 orcs.

Vanquished Creatures
  3 adders
  2 oozes (D:1)
  A worm (D:2)
  2 dart slugs
  A leopard gecko (D:1)
  2 ball pythons (D:1)
  4 giant cockroaches
  7 goblins
  4 hobgoblins
  2 quokkas (D:2)
  8 bats
  A frilled lizard (D:1)
  3 kobolds
  5 rats
45 creatures vanquished.

Notes
Turn   | Place    | Note
-------+----------+-------------------------------------------
     0 | D:1      | Jannitor the Vampire Gladiator began the quest for the Orb.
     0 | D:1      | Reached XP level 1. HP: 16/16 MP: 1/1
    91 | D:1      | Reached XP level 2. HP: 14/22 MP: 2/2
   499 | D:1      | Reached XP level 3. HP: 23/28 MP: 3/3
   891 | D:2      | Reached XP level 4. HP: 28/34 MP: 4/4
   973 | D:2      | Found a deep blue altar of Sif Muna.
  1492 | D:3      | Noticed an orc warrior
  1518 | D:3      | Gained mutation: You have an increased reservoir of magic. (+10% MP) [potion of mutation]
  1518 | D:3      | Gained mutation: Your body sometimes deteriorates upon taking damage. [potion of mutation]
  1518 | D:3      | Gained mutation: You have large cloven feet. [potion of mutation]
  1519 | D:3      | Mangled by an orc warrior

Skill      XL: |  1  2  3 |
---------------+----------+-----
Fighting       | 2 |  2.8
Long Blades    | 4 |  4.0
Dodging        | 4 |  4.1
Throwing       | |  1.5

Action                   |  1- 3 |  4- 6 || total
-------------------------+-------+-------++-------
Melee: Long sword        |    74 |    18 ||    92
       Bite              |     9 |     5 ||    14
  Use: Potion            |     3 |     7 ||    10
 Stab: Sleeping          |     2 |     1 ||     3
Armor: Leather armour    |    24 |     5 ||    29
Dodge: Dodged            |    67 |    10 ||    77
       Rpst.: Long sword |    22 |     2 ||    24
